 Dungeon Sprint DCSS version 0.21-a0-460-g737a915 (webtiles) character file.

8 esteth the Covert (level 2, -7/13 HPs)
             Began as a Spriggan Enchanter on Nov 20, 2017.
             Was an Initiate of Dithmenos.
             Mangled by a merfolk
             ... wielding a cursed -1 trident
              (20 damage)
             ... in the Dungeon (Sprint V: "Ziggurat Sprint").
             The game lasted 00:01:46 (94 turns).

esteth the Covert (Spriggan Enchanter)                Turns: 94, Time: 00:01:47

Health: -7/13      AC:  2    Str:  4    XL:     2   Next: 0%
Magic:  6/6        EV:  9    Int: 22    God:    Dithmenos [......]
Gold:   0          SH:  0    Dex: 22    Spells: 5/6 levels left

rFire    . . .     SeeInvis +   k - +5 quick blade
rCold    . . .     Gourm    .   v - +3 buckler
rNeg     . . .     Faith    .   b - +0 robe
rPois    .         Spirit   .   (helmet restricted)
rElec    .         Reflect  .   (no cloak)
rCorr    .         Harm     .   (gloves unavailable)
MR       .....     NoTele   +   (boots unavailable)
Stlth    ++++......             (no amulet)
HPRegen  0.04/turn              C - +6 ring of dexterity
MPRegen  0.10/turn              E - +6 ring of intelligence

@: held, very quick
A: unfitting armour, see invisible, herbivore 3, speed 3, slow metabolism 2
a: Renounce Religion


You were in the Dungeon.
You worshipped Dithmenos.
Dithmenos was noncommittal.
You were not hungry.

You visited 1 branch

Inventory:

Hand Weapons
 a - a +1 dagger
 k - a +5 quick blade (weapon)
Armour
 b - a +0 robe (worn)
 v - a +3 buckler (worn)
Jewellery
 C - a +6 ring of dexterity (left hand)
 D - a +6 ring of dexterity
 E - a +6 ring of intelligence (right hand)
 F - a +6 ring of intelligence
 G - a +6 ring of strength
 H - a +6 ring of strength
 I - an uncursed ring of flight
Wands
 y - a wand of disintegration (7)
 z - a wand of iceblast (5)
 A - a wand of lightning (5)
 B - a wand of acid (5)
Scrolls
 j - 4 scrolls of blinking
 m - 4 scrolls of amnesia
 n - 7 scrolls of fog
 o - a scroll of holy word
 p - 5 scrolls of identify
 q - 5 scrolls of remove curse
 r - 2 scrolls of fear
Potions
 e - 10 potions of curing
 f - 10 potions of heal wounds
 g - 6 potions of haste
 h - 7 potions of magic
 i - 3 potions of berserk rage
 s - 2 potions of brilliance
 t - 2 potions of invisibility
 u - 4 potions of resistance
 w - 5 potions of agility
 x - 5 potions of might
Books
 c - a book of Maledictions

   Spells                             Type                      Level
   a - Corona                         Hexes                        1
   b - Ensorcelled Hibernation        Hexes/Ice                    2
   c - Confuse                        Hexes                        3
   d - Tukima's Dance                 Hexes                        3
   e - Dazzling Spray                 Conjuration/Hexes            3
Comestibles
 d - 5 bread rations
 l - 42 fruits


   Skills:
 + Level 4.7 Short Blades
 - Level 3.0 Dodging
 + Level 8.0 Stealth
 - Level 2.6 Spellcasting
 - Level 6.2 Hexes


You had 5 spell levels left.
You knew the following spells:

 Your Spells              Type           Power        Failure   Level  Hunger
a - Corona                Hex            ####...      1%          1    None


Dungeon Overview and Level Annotations

Branches:
Dungeon (1/1)

Altars:
Ashenzari
Cheibriados
Dithmenos
Elyvilon
Fedhas
Gozag
Hepliaklqana
Kikubaaqudgha
Makhleb
Nemelex Xobeh
Okawaru
Qazlal
Ru
Sif Muna
Trog
Uskayaw
Vehumet
Wu Jian
Xom
Yredelemnul
Zin
The Shining One
Beogh
Jiyva
Lugonu

Annotations:
D 1 transporter


Innate Abilities, Weirdness & Mutations

You are very small and have problems with some larger weapons.
You are too small for most types of armour.
You have supernaturally acute eyesight. (SInv)
You are a herbivore.
You cover ground extremely quickly.
You need consume almost no food.


Message History

Things that are here:
a +5 executioner's axe; a +5 battleaxe; a +5 broad axe
Things that are here:
a +5 bardiche; a +5 demon trident
Items here: )))) a +5 giant spiked club; a +5 giant club; a +5 great mace; a +5 demon whip
There is a transporter here.
Welcome to arena 1.
You enter the transporter and appear at another place. 2 merfolk come into view.
Found a +1 dagger of protection and a +4 plate armour of poison resistance.
Found a transporter.
Memorise Ensorcelled Hibernation, consuming 2 spell levels and leaving 3?
The merfolk shouts! x2
The merfolk throws a throwing net.
Your memorisation is interrupted.
The throwing net hits you.
You become entangled in the net!
You tear a large gash into the net.
The merfolk hits you from afar with a trident!!
Ouch! That really hurt!
You die...

▓▓▓▓▓▓▓
▓.8©8.▓
▓.....▓
▓.m.).▓
▓..m..▓
▓.....▓
▓..@..▓
▓▓▓▓▓▓▓


You could see 2 merfolk.

Vanquished Creatures (others)
  A spatial maelstrom (D)
1 creature vanquished.

Notes
Turn   | Place    | Note
-------+----------+-------------------------------------------
     0 | D        | Found the +6 Majin-Bo {vamp, Archmagi MP+6 Int+6}
     0 | D        | Found the +7 great mace "Firestarter" {inner flame, rF++}
     0 | D        | esteth the Spriggan Enchanter began the quest for the Orb.
     0 | D        | Reached XP level 1. HP: 9/9 MP: 5/5
    10 | D        | Found a blossoming altar of Fedhas.
    11 | D        | Found a viscous altar of Jiyva.
    11 | D        | Found a hazy altar of Hepliaklqana.
    11 | D        | Found a transporter.
    11 | D        | Found an opulent altar of Gozag.
    11 | D        | Found an ancient bone altar of Kikubaaqudgha.
    11 | D        | Found a corrupted altar of Lugonu.
    18 | D        | Became a worshipper of Dithmenos the Shadowed
    19 | D        | Banished a spatial maelstrom
    34 | D        | Found a burning altar of Makhleb.
    35 | D        | Found a stormy altar of Qazlal.
    35 | D        | Found a sacrificial altar of Ru.
    35 | D        | Found an iron altar of Okawaru.
    35 | D        | Found a deep blue altar of Sif Muna.
    35 | D        | Found a sparkling altar of Nemelex Xobeh.
    35 | D        | Found a bloodstained altar of Trog.
    58 | D        | Found the +9 heavy crossbow "Sniper" {velocity, Acc+∞ SInv}
    58 | D        | Found the +10 dark maul {crush}
    58 | D        | Found the +15 Maxwell's patent armour {-Cast -Tele rElec MR+ rCorr}
    58 | D        | Found the +18 shield of the Gong {rElec rN+ MR+ EV-5}
    58 | D        | Found the cursed +14 obsidian axe {chop, +Fly SInv *Curse}
    59 | D        | Found the +6 shillelagh "Devastator" {shatter}
    59 | D        | Found the +11 plutonium sword {*Contam Stlth-}
    59 | D        | Found the +8 lance "Wyrmbane" {slay drac, rPois rF+ rC+ AC+3}
    59 | D        | Found the +9 sword of Zonguldrok {reap}
    59 | D        | Found the cursed +13 scythe of Curses {drain, *Curse}
    59 | D        | Found the +0 sword of Power
    59 | D        | Found the -1 mace of Variability {chaos}
    59 | D        | Found the +7 Singing Sword
    59 | D        | Found the +7 longbow "Piercer" {penet, EV-2}
    59 | D        | Reached skill level 8 in Stealth
    59 | D        | Reached XP level 2. HP: 13/13 MP: 6/6
    92 | D        | Entered arena 2.
    92 | D        | Noticed a merfolk
    92 | D        | Noticed a merfolk
    92 | D        | Found a transporter.
    94 | D        | Mangled by a merfolk

Vault maps used:
D:        sprint_v

Skill      XL: |  1 |
---------------+----+-----
Short Blades   | 4 |  4.7
Stealth        | 8 |  8.0
Hexes          | 6 |  6.2
Dodging        | |  3.0
Spellcasting   | |  2.6

Action                   || total
-------------------------++-------
  Use: Potion            ||     1

Table legend:
 A = Spawn XP
 B = Non-spawn XP
 C = Spawn XP percentage of total XP
 D = Spawn monster count
 E = Non-spawn monster count
 F = Spawn count percentage of total count
 G = Total turns spent on level
                    A         B        C        D         E        F      G
               +---------+---------+-------+---------+---------+-------+---------
         Total |       0 |       0 |   N/A |       0 |       0 |   N/A |    94
               +---------+---------+-------+---------+---------+-------+---------
               +---------+---------+-------+---------+---------+-------+---------
